 Dungeon Crawl Stone Soup version 0.19-a0-231-gae044c8 (webtiles) character file.

6036 Leszczynek the Grappler (level 10, 0/96 HPs)
             Began as a Troll Arcane Marksman on May 24, 2016.
             Was an Elder of Makhleb.
             Slain by an unseen horror (5 damage)
             ... on level 9 of the Dungeon.
             The game lasted 00:24:03 (8008 turns).

Leszczynek the Grappler (Troll Arcane Marksman)     Turns: 8008, Time: 00:24:04

Health: 0/96       AC:  6    Str: 22    XL:     10   Next: 56%
Magic:  10/10      EV: 16    Int:  6    God:    Makhleb [****..]
Gold:   696        SH:  0    Dex: 11    Spells: 1 memorised, 10 levels left

rFire  + . .     SeeInvis .       - Unarmed
rCold  . . .     Gourm    +     H - +1 robe "Igeung" {+Inv rF+ Int-3 Slay+3}
rNeg   . . .     Faith    .     (no shield)
rPois  .         Spirit   .     (helmet restricted)
rElec  .         Dismiss  .     (no cloak)
rCorr  +         Reflect  .     (gloves unavailable)
SustAt .         Harm     .     (boots unavailable)
MR     .....                    (no amulet)
Stlth  +.........               q - ring of resist corrosion
                                k - +6 ring of evasion

@: not resistant to hostile enchantments, very unstealthy
A: unfitting armour, claws 3, fast metabolism 3, gourmand, regeneration 2,
shaggy fur 1, tough skin 2
a: Minor Destruction, Lesser Servant of Makhleb, Major Destruction, Renounce
Religion, Evoke Invisibility


You were on level 9 of the Dungeon.
You worshipped Makhleb.
Makhleb was greatly pleased with you.
You were completely stuffed.

You visited 1 branch of the dungeon, and saw 9 of its levels.
You also visited: Sewer.

You collected 696 gold pieces.

Inventory:

Hand Weapons
 a - a +0 blowgun
Missiles
 c - 7 large rocks
 d - 2 throwing nets
 j - 9 tomahawks (quivered)
 x - 23 poisoned needles
Armour
 H - the +1 robe "Igeung" (worn) {+Inv rF+ Int-3 Slay+3}
   (You found it on level 7 of the Dungeon)

   It affects your intelligence (-3).
   It affects your accuracy and damage with ranged weapons and melee attacks
   (+3).
   It protects you from fire.
   It lets you turn invisible.
Jewellery
 k - a +6 ring of evasion (left claw)
 q - a ring of resist corrosion (right claw)
 r - an uncursed ring of ice
Wands
 J - a wand of iceblast (5/15)
Scrolls
 n - 2 scrolls of fear
 p - 4 scrolls of teleportation
 u - 2 scrolls of remove curse
 w - a scroll of immolation
 y - a scroll of recharging
 D - a scroll of magic mapping
 F - a scroll of fog
Potions
 b - a potion of invisibility {unknown}
 e - 3 potions of flight
 g - 3 potions of curing
 h - 2 potions of might
 i - 3 potions of lignification
 l - a potion of mutation {unknown}
 o - 4 potions of brilliance
 s - a potion of heal wounds
 v - a potion of cancellation {unknown}
 A - a potion of magic {unknown}
 C - a potion of cure mutation {unknown}
 G - 2 potions of ambrosia {unknown}
Comestibles
 f - 6 bread rations
 t - 2 beef jerkies
 z - 5 meat rations
 E - 7 chunks of flesh
 I - 3 slices of pizza


   Skills:
 - Level 5.1 Fighting
 - Level 9.5 Throwing
 * Level 3.3 Dodging
 - Level 10.0 Unarmed Combat
 - Level 1.0 Spellcasting
 - Level 2.0 Hexes
 - Level 0.3 Invocations


You had 10 spell levels left.
You knew the following spells:

 Your Spells              Type           Power        Failure   Level  Hunger
a - Corona                Hex            #......      21%         1    ##.....


Dungeon Overview and Level Annotations

Branches:
Dungeon (9/15)             Temple (0/1) D:6
   Lair: D:8-11         Orc: D:9-12

Altars:
Dithmenos
Fedhas
Gozag
Hepliaklqana
Kikubaaqudgha
Makhleb
Okawaru
Pakellas
Sif Muna
Vehumet
Xom
Yredelemnul
Beogh


Innate Abilities, Weirdness & Mutations

You are too large for most types of armour.
You have claws for hands.
Your metabolism is lightning-fast.
You like to eat raw meat.
You heal very quickly.
You are covered in fur. (AC +1)
You have very tough skin. (AC +2)


Message History

* * * LOW HITPOINT WARNING * * *
You miss something. Something hits you.
* * * LOW HITPOINT WARNING * * *
Something barely misses you.
You miss something. Your claw misses something. Something hits you!
* * * LOW HITPOINT WARNING * * *
You barely miss something. You claw something! Something hits you.
* * * LOW HITPOINT WARNING * * *
Something hits you but does no damage.
You miss something. Something barely misses you.
Something hits you but does no damage. Something barely misses you.
Some of the chunks of flesh in your inventory have rotted away.
You mangle something!! Something hits you!
* * * LOW HITPOINT WARNING * * *
Something hits you but does no damage.
You barely miss something. Something hits you.
* * * LOW HITPOINT WARNING * * *
Something hits you.
You die...

#.(..........#.......#..
#............#.......#..
#............##......#..
#...............####....
######..#####....#.#.##.
#..#...#...#.#..##.
#..#...#...####.##.
#§§#...#........###
##@#...'.....####
#{#####....##
#........### #........#
#........#######
#.........†.|..###
#.....#####.......
######.....# #.......
#..........+ #.......


There were no monsters in sight!

Vanquished Creatures
  Erica (D:9)
  Grinder (D:6)
  Prince Ribbit (D:7)
  Sigmund (D:5)
  Eustachio (D:6)
  2 hippogriffs
  3 vampire mosquitoes (D:9)
  Edmund (D:5)
  A water moccasin (D:8)
  A phantom (D:8)
  An orc warrior (D:8)
  4 ice beasts
  4 sky beasts
  7 ogres
  A centaur (D:8)
  A big kobold (D:8)
  6 giant frogs
  A wyvern skeleton (D:8)
  2 scorpions
  2 killer bees (D:8)
  4 wights (D:9)
  4 howler monkeys
  3 crimson imps
  2 giant frog zombies
  A centaur zombie (D:8)
  3 jellies
  5 orc priests
  3 hounds
  4 orc wizards
  A centaur skeleton (D:4)
  A gnoll shaman (D:7)
  An iguana (D:8)
  3 worker ants
  A killer bee zombie (D:6)
  A hound zombie (D:5)
  A hound skeleton (D:5)
  4 gnolls (D:7)
  15 adders
  A river rat (D:5)
  2 shadow imps
  An ooze (D:2)
  2 adder skeletons (D:7)
  2 worms (D:2)
  A dart slug (D:2)
  13 giant geckos
  31 orcs
  4 ball pythons
  10 bats
  8 giant cockroaches
  7 goblins
  8 hobgoblins
  10 jackals
  18 kobolds
  2 quokkas (D:3)
  A giant gecko skeleton (D:4)
  10 giant newts
  A jackal zombie (D:8)
  15 rats
  2 plants (Sewer)
248 creatures vanquished.

Vanquished Creatures (others)
  A kobold (D:3)
1 creature vanquished.

Grand Total: 249 creatures vanquished

Notes
Turn   | Place    | Note
--------------------------------------------------------------
     0 | D:1      | Leszczynek the Troll Arcane Marksman began the quest for the Orb.
     0 | D:1      | Reached XP level 1. HP: 18/18 MP: 1/1
    32 | D:1      | Reached skill level 1 in Unarmed Combat
    97 | D:1      | Reached XP level 2. HP: 26/26 MP: 2/2
   235 | D:1      | Reached skill level 2 in Unarmed Combat
   526 | D:1      | Reached XP level 3. HP: 29/32 MP: 3/3
   735 | D:1      | Reached skill level 3 in Unarmed Combat
  1150 | D:2      | great
  1151 | D:2      | Reached XP level 4. HP: 40/40 MP: 4/4
  1227 | D:2      | Reached skill level 4 in Unarmed Combat
  1342 | D:2      | Found a shimmering altar of Xom.
  1885 | D:2      | Reached XP level 5. HP: 35/46 MP: 5/5
  1927 | D:2      | Found an oddly glowing altar of Pakellas.
  2348 | D:3      | Reached skill level 5 in Unarmed Combat
  2382 | D:3      | Found an opulent altar of Gozag.
  2590 | D:3      | Reached XP level 6. HP: 54/54 MP: 6/6
  2687 | D:3      | Reached skill level 6 in Unarmed Combat
  2913 | D:4      | Noticed a sky beast
  2925 | D:4      | Killed a sky beast
  2942 | D:4      | Reached skill level 7 in Unarmed Combat
  2999 | D:4      | Found a radiant altar of Vehumet.
  3239 | D:4      | Reached XP level 7. HP: 47/61 MP: 7/7
  3395 | D:4      | Reached skill level 8 in Unarmed Combat
  3451 | D:5      | Entered Level 5 of the Dungeon
  3460 | D:5      | Noticed Edmund
  3471 | D:5      | Killed Edmund
  3502 | D:5      | Found a burning altar of Makhleb.
  3505 | D:5      | Became a worshipper of Makhleb the Destroyer
  3690 | D:5      | Found a blossoming altar of Fedhas.
  3801 | D:5      | Noticed Sigmund
  3810 | D:5      | Killed Sigmund
  3810 | D:5      | Reached skill level 9 in Unarmed Combat
  3810 | D:5      | Reached XP level 8. HP: 68/68 MP: 8/8
  3850 | D:5      | Found a glowing drain.
  3854 | Sewer    | Entered a sewer
  4042 | Sewer    | first time i see this sewer layout
  4227 | Sewer    | Reached * piety under Makhleb
  4564 | D:5      | oh, a new shadow imp sprite?
  4564 | D:5      | it kinda looks worse though
  4800 | D:6      | Found a shadowy altar of Dithmenos.
  4836 | D:6      | Found a deep blue altar of Sif Muna.
  5005 | D:6      | Noticed Grinder
  5019 | D:6      | Killed Grinder
  5189 | D:6      | Found a staircase to the Ecumenical Temple.
  5399 | D:6      | Noticed Eustachio
  5415 | D:6      | Killed Eustachio
  5496 | D:6      | ohh, so all imps got new ones?
  5505 | D:6      | Reached skill level 10 in Unarmed Combat
  5506 | D:6      | i'm not sure if they are better
  5609 | D:7      | Reached skill level 1 in Fighting
  5758 | D:7      | Reached skill level 5 in Throwing
  5834 | D:7      | Noticed Prince Ribbit
  5847 | D:7      | Killed Prince Ribbit
  5847 | D:7      | Reached XP level 9. HP: 46/79 MP: 9/9
  5909 | D:7      | Got a slimy robe
  5920 | D:7      | Identified the +1 robe "Igeung" {+Inv rF+ Int-3 Slay+3} (You found it on level 7 of the Dungeon)
  5921 | D:7      | pretty neat
  5921 | D:7      | too bad i won't be able to use the +inv
  5921 | D:7      | not with -3 in evo
  5940 | D:7      | Found a roughly hewn altar of Beogh.
  6223 | D:7      | Found a hazy altar of Hepliaklqana.
  6223 | D:7      | Found an ancient bone altar of Kikubaaqudgha.
  6224 | D:7      | Found a blossoming altar of Fedhas.
  6227 | D:7      | Found a basalt altar of Yredelemnul.
  6231 | D:7      | oh, hepli has a nice altar
  6275 | D:7      | if i knew the new gods are alredy in trunk, i'd pick one of them
  6291 | D:7      | Found an iron altar of Okawaru.
  6300 | D:7      | Reached ** piety under Makhleb
  6933 | D:8      | Reached *** piety under Makhleb
  7158 | D:8      | Reached XP level 10. HP: 75/93 MP: 10/10
  7686 | D:9      | Reached **** piety under Makhleb
  7729 | D:9      | Noticed Erica
  7757 | D:9      | Killed Erica
  7757 | D:9      | Reached skill level 5 in Fighting
  7976 | D:9      | HP: 2/96 [something (9)]
  8008 | D:9      | HP: 5/96 [something (6)]
  8008 | D:9      | Slain by an unseen horror

Vault maps used:
D:1:      dpeg_arrival_leaves_temple_mockup, minmay_rat_gold_closets
D:2:      lemuel_doored_altar, overflow_temple_1_default, first_bread,
          kennysheep_generic_room_16
D:3:      grunt_gozag_statues
D:4:      old_standard_altar, minmay_bad_closet, kennysheep_generic_room_5
D:5:      kennysheep_mini, gup_sewer_entry_bowl, fedhas_altar_3, uniq_sigmund,
          uniq_edmund
D:6:      lemuel_blue_sif_altar, minmay_temple_entry_statues,
          serial_bayou_pond_c, nicolae_dithmenos_the_darkroom, uniq_eustachio,
          uniq_grinder
D:7:      okawaru_altar_gauntlet_db, minitemple, david_defended_altar_orc,
          uniq_prince_ribbit1
D:8:      hangedman_minor_gate_pass
D:9:      david_nohive_1, minmay_misc_feat_tiny, uniq_erica
Sewer:    sewer_co_scattered_pipes

Skill      XL: |  1  2  3  4  5  6  7  8  9 10 |
---------------+-------------------------------+-----
Unarmed Combat | 1 2 3 4 5 7 9 10 | 10.0
Throwing       | 5 8 9 |  9.5
Fighting       | 2 4 5 |  5.1
Dodging        | 3 |  3.3
Spellcasting   | |  1.0
Hexes          | |  2.0
Invocations    | |  0.3

Action                   |  1- 3 |  4- 6 |  7- 9 | 10-12 || total
-------------------------+-------+-------+-------+-------++-------
Melee: Unarmed           |   122 |   185 |   353 |   120 ||   780
       Punch             |     1 |     1 |    16 |     7 ||    25
Throw: Stone             |    21 |       |       |       ||    21
       Large rock        |     3 |       |       |       ||     3
       Tomahawk          |       |       |     1 |       ||     1
Evoke: Wand              |       |       |       |     1 ||     1
  Use: Scroll            |       |     8 |     7 |     5 ||    20
       Potion            |       |       |     1 |     6 ||     7
 Stab: Sleeping          |     3 |       |     1 |       ||     4
  Eat: Chunk             |    16 |    19 |    37 |     8 ||    80
Armor: Robe              |    42 |    44 |    59 |    49 ||   194
Dodge: Dodged            |    43 |   122 |   214 |   146 ||   525
